 Dungeon Crawl Stone Soup version 0.29-a0-416-g83a48905f1 (webtiles) character file.

Game seed: 17553498933364193823

50264 leviel the Warrior (level 14, -3/140 HPs)
             Began as a Hill Orc Fighter on May 16, 2022.
             Was an Initiate of Jiyva.
             Killed from afar by a frost giant (12 damage)
             ... with a bolt of cold
             ... created by the fury of Okawaru
             ... on level 5 of the Lair of Beasts on May 17, 2022.
             The game lasted 00:37:35 (26624 turns).

leviel the Warrior (Hill Orc Fighter)              Turns: 26624, Time: 00:37:36

Health: -3/140     AC: 28    Str: 24    XL:     14   Next: 54%
Magic:  0/22       EV:  5    Int:  8    God:    Jiyva [......]
Gold:   1505       SH:  8    Dex: 10    Spells: 13/13 levels left

rFire   + . .      SeeInvis .   b - +2 war axe (elec)
rCold   + . .      Faith    .   r - +1 buckler {rPois}
rNeg    . . .      Spirit   +   j - +0 gold dragon scales {rPois+ rF+ rC+}
rPois   +          Reflect  .   x - +1 hat
rElec   .          Harm     .   k - scarf {repulsion}
rCorr   +          Rampage  .   e - +2 pair of gloves
Will    +....                   s - +0 pair of boots
Stlth   ..........              O - amulet of guardian spirit
HPRegen 0.33/turn               J - ring of resist corrosion
MPRegen 0.18/turn               G - +4 ring of protection

@: about to teleport, repel missiles
A: no striking features
a: Renounce Religion


You were on level 5 of the Lair of Beasts.
You worshipped Jiyva.
Jiyva was noncommittal.
You visited 5 branches of the dungeon, and saw 26 of its levels.
You also visited: Sewer.

You collected 1975 gold pieces.
You spent 470 gold pieces at shops.

Inventory:

Hand Weapons
 a - a +2 war axe
 b - a +2 war axe of electrocution (weapon)
Missiles
 p - 9 curare-tipped darts
 w - 31 poisoned darts
 L - 4 silver javelins
Armour
 e - a +2 pair of gloves (worn)
 j - +0 gold dragon scales (worn) {rPois+ rF+ rC+}
 k - a scarf of repulsion (worn)
 r - a +1 buckler of poison resistance (worn)
 s - a +0 pair of boots (worn)
 x - a +1 hat (worn)
Jewellery
 f - a +6 ring of dexterity
 B - a ring of ice {rC+ rF-}
 F - a +6 ring of dexterity
 G - a +4 ring of protection (right hand)
 J - a ring of resist corrosion (left hand)
 O - an amulet of guardian spirit (around neck)
Wands
 m - a wand of polymorph (2)
 t - a wand of iceblast (17)
 D - a wand of flame (15) (quivered)
 E - a wand of paralysis (7)
 H - a wand of digging (9)
 K - a wand of acid (2)
Scrolls
 h - 3 scrolls of fear
 i - a scroll of magic mapping
 q - 2 scrolls of teleportation
 u - 8 scrolls of identify {@r1}
 y - 2 scrolls of poison
 N - a scroll of amnesia
Potions
 c - a potion of berserk rage
 d - 5 potions of brilliance
 l - 4 potions of curing
 v - 2 potions of mutation
 z - 2 potions of cancellation
 A - a potion of flight
 C - a potion of ambrosia
 I - a potion of heal wounds
 P - a potion of resistance


   Skills:
 + Level 17.3 Fighting
 - Level 16.0 Axes
 - Level 6.0 Throwing
 + Level 12.5 Armour
 + Level 12.5 Shields
 + Level 11.8 Invocations


You had 13 spell levels left.
You didn't know any spells.
Your spell library contained the following spells:

 Spells                   Type           Power      Damage    Failure   Level
 Animate Skeleton         Necr           0%         N/A       100%        1
 Foxfire                  Conj/Fire      0%         2x1d4     100%        1
 Pain                     Necr           0%         1d4       100%        1
 Summon Small Mammal      Summ           0%         N/A       100%        1
 Corpse Rot               Necr/Air       0%         N/A       100%        2
 Ensorcelled Hibernation  Hex/Ice        0%         N/A       100%        2
 Passwall                 Tmut/Erth      0%         N/A       100%        2
 Poisonous Vapours        Pois/Air       0%         N/A       100%        2
 Call Canine Familiar     Summ           0%         N/A       100%        3
 Conjure Flame            Conj/Fire      0%         6-21      100%        3
 Ignite Poison            Fire/Tmut/Pois 0%         N/A       100%        3
 Inner Flame              Hex/Fire       0%         N/A       100%        3
 Ozocubu's Armour         Ice            0%         N/A       100%        3
 Portal Projectile        Hex/Tloc       0%         N/A       100%        3
 Spider Form              Tmut/Pois      0%         N/A       100%        3
 Summon Guardian Golem    Hex/Summ       0%         N/A       100%        3
 Swiftness                Air            0%         N/A       100%        3
 Vampiric Draining        Necr           0%         2d6       100%        3
 Anguish                  Hex/Necr       0%         N/A       100%        4
 Cause Fear               Hex            0%         N/A       100%        4
 Flame Wave               Conj/Fire      0%         2d4       100%        4
 Sticky Flame             Conj/Fire      0%         2d3       100%        4
 Blade Hands              Tmut           0%         N/A       100%        5
 Excruciating Wounds      Necr           0%         N/A       100%        5
 Metabolic Englaciation   Hex/Ice        0%         N/A       100%        5
 Simulacrum               Ice/Necr       0%         N/A       100%        6
 Dragon Form              Tmut           0%         N/A       100%        7
 Dragon's Call            Summ           0%         N/A       100%        9


Dungeon Overview and Level Annotations

Branches:
Dungeon (12/15)            Temple (1/1) D:6            Lair (6/6) D:8
 Shoals (0/4) Lair:4       Spider (0/4) Lair:4        Slime (5/5) Lair:5
    Orc (2/2) D:12            Elf (0/3) Orc:2         Sewer (visited)

Altars:
Ashenzari
Cheibriados
Dithmenos
Elyvilon
Fedhas
Gozag
Hepliaklqana
Kikubaaqudgha
Makhleb
Nemelex Xobeh
Okawaru
Qazlal
Ru
Sif Muna
Trog
Uskayaw
Vehumet
Wu Jian
Xom
Yredelemnul
Zin
The Shining One
Beogh
Jiyva

Shops:
D:5 !   D:9 *   D:11 (=((   D:12 :   Orc:2 :([!

Annotations:
D:12 Nessos, Rupert
Lair:2 exclusion: oklob plant
Slime:2 Dissolution
Slime:5 Royal Jelly


Message History

* * * LOW HITPOINT WARNING * * *
You hit the cyclops.
The cyclops is heavily wounded.
You slash the cyclops!
The cyclops is severely wounded.
You block the cyclops's attack.
You hit the cyclops.
The cyclops is severely wounded.
You completely miss the cyclops.
The cyclops is severely wounded.
The cyclops hits you.
* * * LOW HITPOINT WARNING * * *
You hit the cyclops.
The cyclops is almost dead.
You slash the cyclops!
The cyclops is almost dead.
The cyclops hits you!!
* * * LOW HITPOINT WARNING * * *
You slash the cyclops!
You kill the cyclops!
That felt strangely unrewarding.
You start resting.
A frost giant is nearby!
The frost giant shouts!
The jelly hits the frost giant but does no damage.
The frost giant points at you and mumbles some strange words.
The bolt of cold hits the plant!!
The plant begins to die.
The bolt of cold hits you! You resist.
* * * LOW HITPOINT WARNING * * *
You open the door.
The frost giant points at you and mumbles some strange words.
The bolt of cold hits the plant!!!
The bolt of cold hits you!! You resist.
* * * LOW HITPOINT WARNING * * *
There is an open door here.
As you read the scroll of teleportation, it crumbles to dust.
You feel strangely unstable.
The frost giant gestures at you while chanting.
The bolt of cold hits the plant!!
The plant begins to die.
The bolt of cold hits you! You resist.
You die...

### #####.# ###
###########
#.#...###.###P##..#P.#.
#......................
#..#.#.P.......#.!###.#
##..####..##....### ###
###.#..#P..#.....# #
#.P.'.+..........#######
#...P..@...##...#.##....
###C##....###....#......
#..##P...###..........#
#...####.##......#.....
##CP# ####P....####..P
#...######.....#...#...
#..............#.P..P..
##.....................
#......................


You could see a frost giant.

Vanquished Creatures
  Gastronok (Lair:3)
  A hydra (Lair:1)
  Fannar (Orc:1)
  2 boulder beetles
  Erolcha (Orc:1)
  A centaur warrior (D:11)
  3 two-headed ogres
  2 catoblepae (Lair:2)
  The ghost of domi the Zephyrmancer, a novice DsWz of Gozag (D:10)
  4 death yaks (Lair:6)
  A tengu warrior (D:12)
  4 orc high priests (Orc:2)
  Urug (Lair:3)
  An orc sorcerer (Orc:2)
  A cyclops (Lair:5)
  A manticore (D:12)
  An ugly thing (D:12)
  5 elephants (Lair:5)
  4 black mambas
  9 cane toads
  5 komodo dragons
  3 unseen horrors (D:12)
  2 rime drakes
  6 trolls
  4 polar bears
  6 slime creatures (D:12)
  13 blink frogs
  3 wraiths
  2 wyverns
  48 yaks
  A vampire (D:10)
  4 vampire mosquitoes (D:11)
  10 basilisks
  A redback (Lair:4)
  4 wargs
  Edmund (D:6)
  An acid dragon (D:10)
  9 water moccasins
  2 black bears
  A sky beast (D:7)
  22 orc warriors
  4 boggarts (Lair:5)
  11 ogres
  8 centaurs
  13 wolves
  A phantom (D:5)
  Blork the orc (D:6)
  3 kobold brigands
  4 scorpions
  18 bullfrogs
  A gnoll sergeant (D:12)
  13 killer bees
  8 howler monkeys
  3 hounds
  23 orc priests
  3 jellies
  A gnoll shaman (D:5)
  9 iguanas
  26 orc wizards
  11 gnolls
  7 adders
  A white imp (D:6)
  3 worms
  6 dart slugs
  89 orcs
  8 ball pythons
  4 endoplasms
  10 giant cockroaches
  3 goblins
  10 hobgoblins
  7 jackals
  11 kobolds
  12 quokkas
  7 bats
  9 frilled lizards
  6 rats
547 creatures vanquished.

Vanquished Creatures (others)
  6 jellies
  27 fungi
  61 plants
94 creatures vanquished.

Grand Total: 641 creatures vanquished

Notes
Turn   | Place    | Note
-------+----------+-------------------------------------------
     0 | D:1      | leviel the Hill Orc Fighter began the quest for the Orb.
     0 | D:1      | Reached XP level 1. HP: 19/19 MP: 1/1
   224 | D:1      | Reached XP level 2. HP: 27/27 MP: 2/2
   435 | D:1      | Reached skill level 4 in Fighting
   435 | D:1      | Reached XP level 3. HP: 32/33 MP: 3/3
   704 | D:1      | Found a roughly hewn altar of Beogh.
   766 | D:1      | Found a faded altar of an unknown god.
  1059 | D:2      | Reached XP level 4. HP: 39/40 MP: 4/4
  1594 | D:2      | Reached XP level 5. HP: 46/47 MP: 5/5
  1988 | D:3      | Noticed a +0 short sword
  1990 | D:3      | Noticed a +0 falchion
  1990 | D:3      | Noticed a +0 spear
  1990 | D:3      | Noticed a +0 short sword
  1991 | D:3      | Noticed a +0 dagger
  1991 | D:3      | Noticed a +0 spear
  1991 | D:3      | Noticed a +0 dagger
  1991 | D:3      | Noticed a +0 falchion
  1992 | D:3      | Found a hide-covered altar of Uskayaw.
  2011 | D:3      | Identified a scroll of acquirement
  2011 | D:3      | Acquired a manual of Fighting
  2130 | D:3      | Found a glowing drain.
  2151 | Sewer    | Entered a sewer
  2213 | Sewer    | Noticed a water moccasin
  2220 | Sewer    | Killed a water moccasin
  2221 | Sewer    | Reached skill level 5 in Fighting
  2221 | Sewer    | Reached skill level 5 in Axes
  2221 | Sewer    | Reached XP level 6. HP: 43/56 MP: 6/6
  2722 | D:3      | Found a burning altar of Makhleb.
  3518 | D:4      | Found a sparkling altar of Nemelex Xobeh.
  3600 | D:4      | Reached skill level 1 in Throwing
  3600 | D:4      | Reached XP level 7. HP: 44/62 MP: 7/7
  3699 | D:4      | Found a sacrificial altar of Ru.
  3986 | D:4      | Found a broken altar of Ashenzari.
  4056 | D:4      | Reached skill level 6 in Fighting
  4283 | D:5      | Entered Level 5 of the Dungeon
  4305 | D:5      | Reached skill level 5 in Shields
  4429 | D:5      | Reached skill level 5 in Armour
  4917 | D:5      | Reached XP level 8. HP: 54/71 MP: 8/8
  4930 | D:5      | Found an opulent altar of Gozag.
  5314 | D:5      | Reached skill level 7 in Fighting
  5475 | D:5      | Found Roewi's Distillery.
  5481 | D:5      | Bought a potion of mutation for 88 gold pieces
  5481 | D:5      | Bought a potion of cancellation for 88 gold pieces
  5673 | D:5      | Found a sacrificial altar of Ru.
  6120 | D:6      | Noticed Blork the orc
  6126 | D:6      | Killed Blork the orc
  6140 | D:6      | Reached skill level 8 in Fighting
  6215 | D:6      | Found a staircase to the Ecumenical Temple.
  6343 | D:6      | Noticed Edmund
  6351 | D:6      | Killed Edmund
  6352 | D:6      | Reached XP level 9. HP: 71/81 MP: 9/9
  6465 | D:6      | Found an ancient bone altar of Kikubaaqudgha.
  6721 | D:6      | Found a shimmering blue altar of Sif Muna.
  7383 | Temple   | Entered the Ecumenical Temple
  7564 | Temple   | Became a worshipper of Warmaster Okawaru
  8038 | D:7      | Reached skill level 9 in Fighting
  8924 | D:8      | Reached skill level 10 in Axes
  9167 | D:8      | Noticed a two-headed ogre
  9180 | D:8      | Killed a two-headed ogre
  9180 | D:8      | Reached * piety under Okawaru
  9369 | D:8      | Reached skill level 10 in Fighting
  9373 | D:8      | Reached XP level 10. HP: 76/93 MP: 10/10
  9800 | D:8      | Found a hazy altar of Hepliaklqana.
  9974 | D:8      | Found a staircase to the Lair.
 10485 | D:9      | Reached ** piety under Okawaru
 10808 | D:9      | Reached skill level 11 in Fighting
 10834 | D:9      | Reached skill level 5 in Throwing
 10991 | D:9      | Found a shadowy altar of Dithmenos.
 10999 | D:9      | Found Bodutoso's Specific Store.
 11002 | D:9      | Found Beddicom's General Store.
 11010 | D:9      | Bought a scroll of vulnerability for 105 gold pieces
 11417 | D:10     | Entered Level 10 of the Dungeon
 11534 | D:10     | Reached *** piety under Okawaru
 11711 | D:10     | Reached skill level 1 in Invocations
 12075 | D:10     | Found a runed translucent gate.
 12075 | D:10     | Noticed domi's ghost (novice DsWz)
 12076 | D:10     | Found a runed translucent gate.
 12077 | D:10     | Found a runed translucent gate.
 12275 | D:10     | Found a roughly hewn altar of Beogh.
 12320 | D:10     | Killed domi's ghost
 12320 | D:10     | Reached **** piety under Okawaru
 12615 | D:11     | Received a gift from Okawaru
 12616 | D:11     | Reached XP level 11. HP: 97/104 MP: 12/12
 12709 | D:11     | Noticed a centaur warrior
 12716 | D:11     | Killed a centaur warrior
 12717 | D:11     | Reached skill level 12 in Fighting
 12854 | D:11     | Found Nunuajao's Weapon Boutique.
 12888 | D:11     | Found Fuubusom's Jewellery Shop.
 12954 | D:11     | Noticed a boulder beetle
 12984 | D:11     | Killed a boulder beetle
 12984 | D:11     | Reached ***** piety under Okawaru
 13252 | D:11     | Found Ryet Dau's Antique Weapon Emporium.
 13264 | D:11     | Found Itsikh's Weapon Shop.
 13567 | Lair:1   | Entered Level 1 of the Lair of Beasts
 13634 | Lair:1   | Received a gift from Okawaru
 13692 | Lair:1   | Identified the +2 robe "Xait" {rElec Will- Dex+3}
 13968 | Lair:1   | Noticed a five-headed hydra
 14119 | D:12     | Received a gift from Okawaru
 14124 | D:12     | Reached skill level 5 in Invocations
 14126 | D:12     | Reached skill level 13 in Fighting
 14451 | D:12     | Noticed a two-headed ogre
 14464 | D:12     | Killed a two-headed ogre
 14495 | D:12     | Found a staircase to the Orcish Mines.
 14523 | D:12     | Reached XP level 12. HP: 106/115 MP: 16/16
 14556 | D:12     | Reached ****** piety under Okawaru
 14556 | D:12     | Received a gift from Okawaru
 14571 | D:12     | Noticed a tengu warrior
 15216 | D:12     | Killed a tengu warrior
 15325 | D:12     | Found Kyajir's Book Shop.
 15375 | Orc:1    | Entered Level 1 of the Orcish Mines
 15606 | Orc:2    | Entered Level 2 of the Orcish Mines
 15995 | Orc:2    | Reached skill level 14 in Fighting
 15995 | Orc:2    | Reached skill level 15 in Axes
 16170 | Orc:2    | Noticed a two-headed ogre
 16179 | Orc:2    | Killed a two-headed ogre
 16227 | Orc:2    | Received a gift from Okawaru
 16229 | Orc:2    | Found a staircase to the Elven Halls.
 16747 | Orc:2    | Found Tolamera's Distillery.
 16747 | Orc:2    | Found Colethro's Weapon Shop.
 16748 | Orc:2    | Found Huleots's Book Shop.
 16752 | Orc:2    | Found Byfurghy's Armour Boutique.
 16763 | Orc:2    | Bought a +1 buckler of poison resistance for 189 gold
                  | pieces
 16814 | Orc:2    | Noticed an orc high priest
 16827 | Orc:2    | Noticed a sun demon
 16827 | Orc:2    | Killed an orc high priest
 16828 | Orc:2    | Reached skill level 10 in Armour
 16875 | Orc:2    | Noticed an orc high priest
 16900 | Orc:2    | Killed an orc high priest
 16901 | Orc:2    | Reached skill level 10 in Shields
 17122 | Orc:2    | Noticed an orc high priest
 17128 | Orc:2    | Killed an orc high priest
 17309 | Orc:2    | Noticed an orc high priest
 17316 | Orc:2    | Killed an orc high priest
 17376 | Orc:1    | Reached XP level 13. HP: 103/125 MP: 18/18
 17401 | Orc:1    | Received a gift from Okawaru
 17859 | Orc:1    | Found a radiant altar of Vehumet.
 17885 | Orc:1    | Noticed Erolcha
 17895 | Orc:1    | Killed Erolcha
 17896 | Orc:1    | Reached skill level 15 in Fighting
 17902 | Orc:1    | Noticed Fannar
 17927 | Orc:1    | Killed Fannar
 18386 | D:12     | Noticed Nessos
 18392 | D:12     | Noticed Rupert
 19001 | Lair:1   | Identified the +0 chain mail "Owesuk" {rElec Int+2 Dex+3}
                  | (Okawaru gifted it to you on level 1 of the Lair of Beasts)
 19001 | Lair:1   | Received a gift from Okawaru
 20259 | Lair:2   | Reached skill level 16 in Fighting
 21049 | Lair:3   | Noticed Urug
 21058 | Lair:3   | Noticed Gastronok
 21065 | Lair:3   | Killed Urug
 21076 | Lair:3   | Received a gift from Okawaru
 21085 | Arena    | Entered the Arena
 21159 | Lair:3   | Reached skill level 10 in Invocations
 21800 | Lair:3   | Killed Gastronok
 21801 | Lair:3   | Reached XP level 14. HP: 137/138 MP: 21/21
 22579 | Lair:4   | Found a hole to the Spider Nest.
 22819 | Lair:4   | Received a gift from Okawaru
 23053 | Lair:4   | Found a staircase to the Shoals.
 23643 | Lair:5   | Reached skill level 17 in Fighting
 24348 | Lair:5   | Found a viscous altar of Jiyva.
 24349 | Lair:5   | Found a staircase to the Slime Pits.
 24475 | Lair:5   | Fell from the grace of Okawaru
 24475 | Lair:5   | Became a worshipper of Jiyva Jociusix the Shapeless
 24497 | Slime:1  | Entered Level 1 of the Pits of Slime
 24497 | Slime:1  | Noticed an acid blob
 24571 | Slime:2  | Noticed Dissolution
 24708 | Slime:3  | Noticed an acid blob
 24798 | Slime:3  | Noticed an azure jelly
 24890 | Slime:3  | Noticed a rockslime
 24896 | Slime:3  | Noticed a quicksilver ooze
 24982 | Slime:4  | Noticed an acid blob
 24998 | Slime:4  | Noticed an acid blob
 25012 | Slime:4  | Noticed an acid blob
 25049 | Slime:4  | Noticed an azure jelly
 25072 | Slime:4  | Noticed an acid blob
 25267 | Slime:5  | Entered Level 5 of the Pits of Slime
 25267 | Slime:5  | Noticed an acid blob
 25273 | Slime:5  | Noticed an acid blob
 25292 | Slime:5  | Noticed a quicksilver ooze
 25294 | Slime:5  | Noticed an acid blob
 25322 | Slime:5  | Noticed an azure jelly
 25324 | Slime:5  | Noticed an acid blob
 25332 | Slime:5  | Noticed a quicksilver ooze
 25352 | Slime:5  | Noticed the Royal Jelly
 25356 | Slime:5  | Noticed an acid blob
 25361 | Slime:5  | Noticed an azure jelly
 25365 | Slime:5  | Noticed an acid blob
 25377 | Slime:5  | Noticed a rockslime
 25402 | Slime:5  | Noticed an acid blob
 25461 | Slime:5  | Found a viscous altar of Jiyva.
 25470 | Slime:5  | Noticed an acid blob
 25789 | Slime:5  | Noticed a quicksilver ooze
 26047 | Lair:6   | Entered Level 6 of the Lair of Beasts
 26406 | Lair:6   | Noticed a frost giant
 26406 | Lair:6   | Noticed a deep elf blademaster
 26469 | Lair:5   | Noticed a stone giant
 26469 | Lair:5   | Noticed a frost giant
 26619 | Lair:5   | HP: 7/140 [frost giant/bolt of cold[the fury of Okawaru]
                  | (14)]
 26624 | Lair:5   | Killed from afar by a frost giant

Illustrated notes

Levels and vault maps discovered:
D:1:      lemuel_arrival_river_passageway, layout_basic,
          hellmonk_ecumenical_altar_defaced_shrine
D:2:      layout_loops_ring
D:3:      layout_basic, mainiacjoe_overflow_concentric_impassable,
          nicolae_uskayaw_en_pointe, gup_sewer_entry_pipe,
          amcnicky_mini_pool_small
D:4:      layout_gridville, nemelex_spade_bored_becter, kennysheep_mini_moat,
          kennysheep_flooded_box
D:5:      layout_loops_ring, nicolae_ru_path_of_blood, grunt_gozag_breadcrumbs,
          serial_shops, shop, minmay_lizard_king
D:6:      layout_loops_ring, mainiacjoe_overflow_big_doors,
          minmay_temple_entry_poolview, chequers_serial_rivers_room_a,
          minmay_misc_feat_enclosed, uniq_edmund, uniq_blork_the_orc
D:7:      layout_loops_ring
D:8:      layout_rooms, nicolae_hepliaklqana_hippocampus, lair_entry_dummy,
          kennysheep_another_room, grunt_decor_one_mirror, minmay_holes,
          kennysheep_generic_room_2
D:9:      layout_irregular_city, grunt_dithmenos_smoke_and_mirrors,
          dreamdust_princess_corridor, corexii_corridor_pit,
          nicolae_specific_store
D:10:     layout_loops_ring, biasface_ghost_orc_armoury
D:11:     layout_irregular_city, serial_shops, kennysheep_mini,
          nicolae_shop_bloodbath_and_beyond, shop, shop,
          minmay_misc_feat_more_columns
D:12:     cheibrodos_fzero, layout_rooms, orc_0_dummy, serial_shops,
          nicolae_lakefront_shop, uniq_nessos, uniq_rupert
Temple:   minmay_temple_bridge_abc
Lair:1:   layout_hall_layers, chequers_serial_rivers_micro_e
Lair:2:   layout_misc_corridors, serial_bayou_lagoon_a, grunt_megastairs_1
Lair:3:   layout_small_grid, grunt_megastairs_5, uniq_gastronok, uniq_urug
Lair:4:   layout_loops_ring, shoals_dummy_entry, spider_nest_entry_webs,
          lemuel_fruit_fields
Lair:5:   layout_regular_city, dpeg_slime_entry_enclosed_altar,
          kilobyte_rumbling_trees
Lair:6:   evilmike_catoblepas_cave, layout_gridlike,
          dreamdust_deal_with_the_devil
Slime:1:  layout_caves
Slime:2:  layout_caves, uniq_dissolution
Slime:3:  layout_caves
Slime:4:  layout_caves
Slime:5
Orc:1:    layout_diamond_mine, basic_altar, nicolae_orc_crystal_geode,
          uniq_erolcha, uniq_fannar
Orc:2:    st_orc_mages, layout_caves

Skill      XL: |  1  2  3  4  5  6  7  8  9 10 11 12 13 14 |
---------------+-------------------------------------------+-----
Axes           | 3 4 5 6 7 9 10 12 14 15 16 | 16.0
Fighting       | 4 5 6 8 10 11 13 14 16 17 | 17.3
Shields        | 4 5 6 7 8 9 10 11 12 | 12.5
Armour         | 4 5 6 7 8 9 10 11 12 | 12.5
Throwing       | 1 2 3 4 5 6 |  6.0
Invocations    | 2 5 7 10 11 | 11.8

Action                   |  1- 3 |  4- 6 |  7- 9 | 10-12 | 13-15 || total
-------------------------+-------+-------+-------+-------+-------++-------
Melee: War axe           |   103 |   209 |   352 |   618 |   519 ||  1801
Throw: Dart              |       |       |    14 |     9 |       ||    23
       Javelin           |       |       |       |     2 |       ||     2
Invok: Heroism           |       |       |       |     1 |       ||     1
       Duel              |       |       |       |       |     1 ||     1
Evoke: Wand              |       |       |       |     6 |    20 ||    26
  Use: Scroll            |     2 |    12 |     7 |     9 |     8 ||    38
       Potion            |     2 |     1 |     3 |     7 |     7 ||    20
Armor: Scale mail        |    64 |   101 |   168 |    18 |       ||   351
       Plate armour      |       |       |       |   419 |   304 ||   723
       Skin              |       |       |       |    32 |       ||    32
       Gold dragon scale |       |       |       |       |   109 ||   109
Dodge: Dodged            |    55 |   105 |   113 |   162 |   134 ||   569
       Repelled          |     3 |       |     1 |     7 |     2 ||    13
Block: Buckler           |    27 |    48 |    81 |   217 |   180 ||   553

Table legend: (Time is in decaauts)
 A = Elapsed time spent in this place.
 B = Non-inter-level travel time spent in this place.
 C = Inter-level travel time spent in this place.
 D = Time resting spent in this place.
 E = Time spent auto-exploring this place.
 F = Levels seen in this place.
 G = Mean time per level.
                   A        B        C        D        E       F      G
               +--------+--------+--------+--------+--------+-----+--------+
         Total |  26534 |  25014 |   1520 |   6067 |  14970 |  28 |  947.6 |
       Dungeon |  14975 |  13959 |   1016 |   3099 |   8588 |  12 | 1247.9 |
        Temple |    200 |    173 |     27 |      0 |    167 |   1 |  200.0 |
          Lair |   6573 |   6446 |    127 |   1716 |   3781 |   6 | 1095.5 |
    Slime Pits |   1534 |   1408 |    126 |    462 |    913 |   5 |  306.8 |
  Orcish Mines |   2938 |   2716 |    222 |    778 |   1323 |   2 | 1469.0 |
         Sewer |    265 |    265 |      0 |      0 |    197 |   1 |  265.0 |
         Arena |     46 |     46 |      0 |     11 |      0 |   1 |   46.0 |
               +--------+--------+--------+--------+--------+-----+--------+

Top non-repeatable levels by time:
   Orc:2: 1961 daAuts
     D:7: 1825 daAuts
  Lair:1: 1642 daAuts
  Lair:2: 1622 daAuts
    D:11: 1566 daAuts
     D:5: 1456 daAuts
     D:8: 1438 daAuts
    D:10: 1285 daAuts
     D:6: 1245 daAuts
     D:3: 1153 daAuts
     D:9: 1120 daAuts
  Lair:5: 1073 daAuts
     D:1: 1067 daAuts
  Lair:4: 997 daAuts
     D:2: 980 daAuts
